 Dungeon Crawl Stone Soup version 0.24-a0-3-g5a199981cb (webtiles) character file.

26670 Raymar the Spear-Bearer (level 13, -1/112 (113) HPs)
             Began as a Hill Orc Berserker on Jan 29, 2019.
             Was an Elder of Trog.
             Slain by a komodo dragon (16 damage)
             ... on level 6 of the Lair of Beasts on Jan 30, 2019.
             The game lasted 00:52:04 (17316 turns).

Raymar the Spear-Bearer (Hill Orc Berserker)       Turns: 17316, Time: 00:52:05

HP:   -1/112 (113)  AC: 20    Str: 24    XL:     13   Next: 27%
MP:   13/13         EV: 12    Int:  8    God:    Trog [****..]
Gold: 928           SH:  0    Dex: 23    Spells: 12/12 levels left

rFire    . . .     SeeInvis .   a - +1 halberd (drain)
rCold    . . .     Gourm    +   (shield currently unavailable)
rNeg     . . .     Faith    .   M - +2 crystal plate armour
rPois    .         Spirit   .   C - +1 helmet
rElec    .         Reflect  .   G - scarf {cloud immunity}
rCorr    .         Harm     .   y - +0 pair of gloves
MR       +++..                  (no boots)
Stlth    ..........             p - amulet of the gourmand
HPRegen  1.28/turn              I - ring of Eternal Night {MR+ EV+6 Dex+5}
MPRegen  0.13/turn              u - +6 ring of dexterity

@: lethally poisoned (-1 -> -9), regenerating, studying Throwing
A: talons 1, thin skeletal structure 1, deformed body, mutation resistance 1
a: Berserk, Trog's Hand, Brothers in Arms, Renounce Religion


You were on level 6 of the Lair of Beasts.
You worshipped Trog.
Trog was greatly pleased with you.
You were very full.

You visited 2 branches of the dungeon, and saw 16 of its levels.
You also visited: Ossuary and Gauntlet.

You collected 928 gold pieces.

Inventory:

Hand Weapons
 a - a +1 halberd of draining (weapon)
 b - a +2 hunting sling of freezing
 K - the cursed +3 dagger of Resourcefulness {protect, Int+2 Stlth+, unknown}
   (You found it in a Gauntlet)

   It protects the one who uses it against injury (+AC on strike).
   It affects your intelligence (+2).
   It makes you more stealthy.
   It has a curse placed upon it.
Missiles
 d - 447 stones (quivered)
 n - 136 sling bullets
Armour
 y - a +0 pair of gloves (worn)
 C - a +1 helmet (worn)
 G - a scarf of cloud immunity (worn)
 M - a +2 crystal plate armour (worn)
Jewellery
 k - an uncursed ring of protection from magic
 m - a +3 ring of evasion
 o - an uncursed ring of resist corrosion
 p - an amulet of the gourmand (around neck)
 u - a +6 ring of dexterity (right hand)
 E - an uncursed ring of ice
 I - the ring of Eternal Night (left hand) {MR+ EV+6 Dex+5}
   (You found it in a Gauntlet)

   [ring of evasion]

   It affects your evasion (+6).
   It affects your dexterity (+5).
   It affects your resistance to hostile enchantments.
 L - a +3 ring of intelligence
 O - a +4 ring of evasion
 Q - a +4 amulet of reflection
Wands
 r - a wand of polymorph (7)
 v - a wand of enslavement (11)
 A - a wand of random effects (17)
 F - a wand of paralysis (11)
 H - a wand of iceblast (13)
 N - a wand of scattershot (6)
Scrolls
 e - 6 scrolls of teleportation
 q - a scroll of blinking
 t - 9 scrolls of remove curse
 B - 3 scrolls of magic mapping
Potions
 f - 2 potions of flight {unknown}
 g - 2 potions of brilliance
 i - 7 potions of curing
 j - 2 potions of agility
 l - 2 potions of haste
 s - 3 potions of might
 w - a potion of lignification
 x - 2 potions of ambrosia
 z - 3 potions of heal wounds
 D - a potion of cancellation
Books
 J - a manual of Throwing
Comestibles
 c - 32 rations


   Skills:
 + Level 10.2 Fighting
 + Level 12.6 Polearms
 * Level 9.4(10.8) Slings
 * Level 8.7(10.4) Throwing
 * Level 12.3 Armour
 - Level 1.5 Dodging
 - Level 1.0 Stealth


You had 12 spell levels left.
You didn't know any spells.
Your spell library was empty.

Dungeon Overview and Level Annotations

Branches:
Dungeon (10/15)            Temple (0/1) D:6            Lair (6/6) D:9
 Shoals (0/4) Lair:2        Snake (0/4) Lair:3
  Slime: Lair:5-6       Orc: D:9-12

Altars:
Cheibriados
Gozag
Okawaru
Ru
Uskayaw
Wu Jian

Annotations:
D:4 3 runed doors, EnegeticOcto's ghost, weakling FeAK
D:9 2 transporters, Tinylith's ghost, journeyman TeMo
Lair:2 exclusion: oklob plant


Innate Abilities, Weirdness & Mutations

You have sharp toenails.
You have a somewhat thin skeletal structure. (Dex +2, Stealth)
Armour fits poorly on your strangely shaped body.
You are somewhat resistant to further mutation.


Message History

The spiny frog is moderately wounded.
You feel very sick. The spiny frog closely misses you.
You hit the spiny frog.
You claw the spiny frog, but do no damage.
The spiny frog is moderately wounded.
You feel very sick.
The spiny frog stings you but does no damage.
The blink frog blinks!
You closely miss the spiny frog. You claw the spiny frog.
The spiny frog is heavily wounded.
You feel very sick.
The spiny frog stings you but does no damage.
Your crystal plate armour prevents you from hitting the spiny frog.
You claw the spiny frog, but do no damage.
The spiny frog is heavily wounded.
You feel sick.
The spiny frog stings you but does no damage.
The komodo dragon bites you!
You die...

≈.≈.........#
≈≈≈..........#
≈≈≈.P........#
#≈≈.........#
≈≈.≈......P##
P≈§........P#
#..†<....#
#.FF....P#
#.l@†....#
#.......##
#.........#
#..........#
#........P.#
#.........##
.<.......##
#.........#


You could see a komodo dragon and 2 spiny frogs.

Vanquished Creatures
  A minotaur (Gauntlet)
  A death ooze (Gauntlet)
  Erolcha (D:9)
  3 hydras
  A two-headed ogre (D:7)
  A manticore (D:7)
  3 black mambas (Lair:4)
  7 spiny frogs
  A rime drake (Lair:5)
  4 komodo dragons
  A queen bee (shapeshifter) (Gauntlet)
  2 polar bears
  Grinder (D:4)
  3 hippogriffs
  3 slime creatures (Gauntlet)
  9 blink frogs (Lair:5)
  2 wyverns
  A human (D:9)
  39 yaks
  A basilisk (Lair:4)
  A naga (Lair:3)
  A vampire mosquito (Lair:6)
  Menkaure (D:4)
  A soldier ant (shapeshifter) (Gauntlet)
  11 water moccasins
  8 porcupines
  A phantom (D:4)
  2 orc warriors (D:7)
  2 necrophages
  An eye of draining (shapeshifter) (Gauntlet)
  A sky beast (D:7)
  11 crocodiles
  8 wolves
  4 ogres
  7 centaurs
  A big kobold (D:7)
  8 bullfrogs
  A gnoll sergeant (D:9)
  2 wyvern skeletons
  A scorpion (D:6)
  5 electric eels
  2 crimson imps
  A centaur zombie (D:4)
  4 hounds
  2 human zombies (Ossuary)
  3 jellies
  Crazy Yiuf (D:3)
  A gnoll shaman (D:4)
  An orc priest (D:7)
  3 iguanas
  A bullfrog skeleton (D:6)
  3 orc wizards
  3 worker ants
  A big kobold zombie (Ossuary)
  A hound zombie (D:9)
  A hound skeleton (D:5)
  4 mummies
  4 worker ant zombies
  11 gnolls
  8 adders
  4 adder zombies
  2 oozes (D:2)
  2 adder skeletons (D:7)
  3 worms
  4 leopard geckos
  9 orcs
  8 giant cockroaches
  7 goblins
  5 hobgoblins
  12 jackals
  3 quokkas
  A ball python (D:2)
  10 bats
  5 frilled lizards
  2 gnoll zombies (Ossuary)
  2 goblin zombies
  4 hobgoblin zombies (Ossuary)
  A jackal zombie (D:6)
  11 kobolds
  4 kobold zombies
  An orc zombie (Ossuary)
  A quokka skeleton (D:5)
  2 quokka zombies (Ossuary)
  8 rats
  A butterfly (Lair:3)
  A plant (Lair:1)
331 creatures vanquished.

Vanquished Creatures (collateral kills)
  A hound skeleton (D:7)
1 creature vanquished.

Vanquished Creatures (others)
  3 fungi
  12 plants
15 creatures vanquished.

Grand Total: 347 creatures vanquished

Notes
Turn   | Place    | Note
-------+----------+-------------------------------------------
     0 | D:1      | Raymar the Hill Orc Berserker began the quest for the Orb.
     0 | D:1      | Reached XP level 1. HP: 19/19 MP: 1/1
   216 | D:1      | Reached XP level 2. HP: 26/27 MP: 2/2
  1041 | D:2      | Reached XP level 3. HP: 32/33 MP: 3/3
  1055 | D:2      | Reached ** piety under Trog
  1220 | D:2      | Found an ornate altar of the Wu Jian Council.
  1430 | D:2      | Found a sacrificial altar of Ru.
  1491 | D:2      | Reached XP level 4. HP: 40/40 MP: 4/4
  1719 | D:3      | Reached skill level 5 in Polearms
  1828 | D:3      | Reached XP level 5. HP: 43/47 MP: 5/5
  2282 | D:3      | Reached skill level 1 in Slings
  2436 | D:3      | Reached *** piety under Trog
  2520 | D:3      | Found a runed door.
  2524 | D:3      | Noticed Crazy Yiuf
  2537 | D:3      | Killed Crazy Yiuf
  2896 | D:4      | Reached XP level 6. HP: 55/55 MP: 6/6
  3149 | D:4      | Reached skill level 5 in Fighting
  3149 | D:4      | Reached skill level 1 in Throwing
  3283 | D:4      | Noticed Menkaure
  3292 | D:4      | Killed Menkaure
  3292 | D:4      | Reached XP level 7. HP: 29/61 MP: 7/7
  3311 | D:4      | Noticed Grinder
  3314 | D:4      | Paralysed by Grinder for 2 turns
  3322 | D:4      | Paralysed by Grinder for 6 turns
  3332 | D:4      | Paralysed by Grinder for 6 turns
  3354 | D:4      | Paralysed by Grinder for 5 turns
  3359 | D:4      | Killed Grinder
  3618 | D:4      | Found a runed gate.
  3619 | D:4      | Found a runed gate.
  3631 | D:4      | Found a runed gate.
  3636 | D:4      | Noticed EnegeticOcto's ghost (weakling FeAK)
  4348 | D:5      | Entered Level 5 of the Dungeon
  4538 | D:5      | Reached XP level 8. HP: 62/69 MP: 8/8
  4805 | D:5      | Received a gift from Trog
  5078 | D:5      | Reached skill level 5 in Armour
  5548 | D:6      | Found a staircase to the Ecumenical Temple.
  5852 | D:6      | Reached skill level 5 in Slings
  6378 | D:7      | Reached XP level 9. HP: 71/75 MP: 9/9
  6477 | D:7      | Noticed a manticore
  6515 | D:7      | Killed a manticore
  6685 | D:7      | Found a sand-covered staircase.
  6729 | Ossuary  | Entered an ossuary
  6881 | Ossuary  | Reached **** piety under Trog
  7161 | D:7      | Noticed a two-headed ogre
  7170 | D:7      | Killed a two-headed ogre
  7730 | D:8      | Reached XP level 10. HP: 82/84 MP: 10/10
  7882 | D:8      | Upgraded the game from 0.23-a0-767-gdc19b93d68 to
                  | 0.24-a0-3-g5a199981cb
  7889 | D:8      | Found an iron altar of Okawaru.
  8027 | D:8      | Found a hide-covered altar of Uskayaw.
  8037 | D:8      | Found a snail-covered altar of Cheibriados.
  8209 | D:8      | Found an opulent altar of Gozag.
  8210 | D:8      | Found an iron altar of Okawaru.
  8753 | D:9      | Found a transporter.
  8793 | D:9      | Found a transporter.
  8793 | D:9      | Noticed Tinylith's ghost (journeyman TeMo)
  9083 | D:9      | Found a staircase to the Lair.
  9150 | D:9      | Noticed Erolcha
  9168 | D:9      | Killed Erolcha
  9390 | D:9      | Reached skill level 1 in Stealth
  9945 | D:10     | Entered Level 10 of the Dungeon
 10026 | Lair:1   | Entered Level 1 of the Lair of Beasts
 10038 | Lair:1   | Got a fine leather armour
 10052 | Lair:1   | Identified the +2 leather armour of Sunel {rElec rN+ Str-4}
                  | (You found it on level 1 of the Lair of Beasts)
 10151 | Lair:1   | Reached skill level 5 in Throwing
 10413 | Lair:1   | Found an iron altar of Okawaru.
 10536 | Lair:1   | Reached skill level 10 in Polearms
 10536 | Lair:1   | Reached XP level 11. HP: 94/94 MP: 11/11
 11048 | Lair:1   | Gained mutation: You have a somewhat thin skeletal
                  | structure. (Dex +2, Stealth) [potion of mutation]
 11048 | Lair:1   | Gained mutation: You have sharp toenails. [potion of
                  | mutation]
 11048 | Lair:1   | Gained mutation: Your flesh is heat resistant. (rF+)
                  | [potion of mutation]
 12076 | Lair:2   | Found a staircase to the Shoals.
 12162 | Lair:2   | Found a gate leading to a gauntlet.
 12231 | Gauntlet | Entered a Gauntlet
 12231 | Gauntlet | Found a transporter.
 12239 | Gauntlet | Found a runed translucent gate.
 12240 | Gauntlet | Found a transporter.
 12240 | Gauntlet | Found a runed translucent gate.
 12241 | Gauntlet | Found a transporter.
 12245 | Gauntlet | Found a transporter.
 12246 | Gauntlet | Found a transporter.
 12248 | Gauntlet | Found a transporter.
 12249 | Gauntlet | Found a runed translucent gate.
 12250 | Gauntlet | Noticed a death ooze
 12253 | Gauntlet | Noticed a necromancer
 12253 | Gauntlet | Noticed a death yak
 12254 | Gauntlet | Noticed a death yak
 12254 | Gauntlet | Noticed a death yak
 12260 | Gauntlet | Found a transporter.
 12260 | Gauntlet | Noticed a dire elephant
 12266 | Gauntlet | Found a transporter.
 12269 | Gauntlet | Noticed a mana viper
 12269 | Gauntlet | a snapping turtle changed into a mana viper
 12273 | Gauntlet | a mana viper changed into a wind drake
 12280 | Gauntlet | Noticed a death drake
 12280 | Gauntlet | an elephant changed into a death drake
 12281 | Gauntlet | a death drake changed into a guardian serpent
 12286 | Gauntlet | Noticed a swamp dragon
 12286 | Gauntlet | a guardian serpent changed into a swamp dragon
 12288 | Gauntlet | a swamp dragon changed into a water nymph
 12289 | Gauntlet | Noticed a cyclops
 12289 | Gauntlet | a water nymph changed into a cyclops
 12293 | Gauntlet | a cyclops changed into a floating eye
 12330 | Gauntlet | Killed a death ooze
 12330 | Gauntlet | Reached skill level 10 in Armour
 12594 | Gauntlet | Noticed a two-headed ogre
 12600 | Gauntlet | Lost mutation: Your flesh is heat resistant. (rF+) [potion
                  | of mutation]
 12600 | Gauntlet | Gained mutation: Armour fits poorly on your strangely
                  | shaped body. [potion of mutation]
 12600 | Gauntlet | Gained mutation: You are somewhat resistant to further
                  | mutation. [potion of mutation]
 12602 | Gauntlet | Noticed a manticore
 12603 | Gauntlet | Noticed an orb spider
 12603 | Gauntlet | a yak changed into an orb spider
 12605 | Gauntlet | an orb spider changed into a soldier ant
 12619 | Gauntlet | a manticore changed into a tarantella
 12655 | Gauntlet | Got a vibrating bone ring
 12675 | Gauntlet | Identified the ring of Eternal Night {MR+ EV+6 Dex+5} (You
                  | found it in a Gauntlet)
 12740 | Gauntlet | Noticed a minotaur
 12753 | Gauntlet | Killed a minotaur
 12769 | Gauntlet | Got a warped dagger
 12894 | Lair:2   | Reached XP level 12. HP: 102/103 MP: 12/12
 12898 | Lair:2   | Received a gift from Trog
 12929 | Lair:2   | Noticed a four-headed hydra
 12941 | Lair:2   | Killed a seven-headed hydra
 13624 | Lair:3   | Found a staircase to the Snake Pit.
 13700 | Lair:3   | Noticed a seven-headed hydra
 13713 | Lair:3   | Killed a 13-headed hydra
 15122 | Lair:4   | Received a gift from Trog
 15314 | Lair:4   | Identified a scroll of acquirement
 15950 | Lair:5   | Received a gift from Trog
 16357 | Lair:5   | Reached XP level 13. HP: 104/112 MP: 13/13
 16429 | Lair:5   | Reached skill level 10 in Fighting
 17292 | Lair:6   | Entered Level 6 of the Lair of Beasts
 17316 | Lair:6   | Slain by a komodo dragon

Vault maps used:
D:1:      kilobyte_arrival_exit_the_forest
D:2:      nicolae_ru_great_annihilating_truth, lemuel_round_altar,
          nrook_campfire
D:3:      uniq_crazy_yiuf_cottage
D:4:      gammafunk_ghost_necromancy, hangedman_glass_teeth, uniq_menkaure,
          uniq_grinder
D:5:      first_ration
D:6:      minmay_temple_entry_sparse_star
D:7:      nicolae_ossuary_entry_giza, minmay_small_thing
D:8:      old_standard_altar, gammafunk_temple_overflow_statue, kennysheep_mini,
          okawaru_gym_becter
D:9:      lair_entry_dummy, gammafunk_ghost_mausoleum,
          minmay_misc_feat_four_crosses, grunt_pizzeria, uniq_erolcha
D:10:     nicolae_good_shop
Lair:1:   serial_rivers, chequers_serial_rivers_micro_a,
          chequers_serial_rivers_marsh, chequers_serial_rivers_small_a,
          chequers_serial_rivers_large_a, chequers_serial_rivers_room_b,
          basic_altar, grunt_megastairs_1, serial_bayou_shore_a
Lair:2:   minmay_shoals_entry_centaurs, gauntlet_entry_generic,
          minmay_lair_oklob_chamber
Lair:3:   guppyfry_snake_entry_island, grunt_megastairs_5, lemuel_fruit_fields
Lair:4:   nicolae_quartered_pool_super
Lair:6:   minmay_lair_end_frog_pond, minmay_slime_entry_oklob_open,
          lemuel_fruit_tree, lemuel_fruit_fields
Ossuary:  ossuary_minmay_chase
Gauntlet: minmay_gauntlet_mixed_oops_all_seconds

Skill      XL: |  1  2  3  4  5  6  7  8  9 10 11 12 13 |
---------------+----------------------------------------+-----
Polearms       | 4 5 6 8 10 11 12 | 12.6
Fighting       | 4 5 6 7 9 10 | 10.2
Armour         | 3 4 6 7 9 10 11 12 | 12.3
Slings         | 1 3 4 5 7 8 9 |  9.4
Throwing       | 1 2 3 4 5 6 8 |  8.7
Stealth        | 1 |  1.0
Dodging        | |  1.5

Action                   |  1- 3 |  4- 6 |  7- 9 | 10-12 | 13-15 || total
-------------------------+-------+-------+-------+-------+-------++-------
Melee: Spear             |   118 |   113 |   159 |       |       ||   390
       Halberd           |       |       |   267 |   539 |    97 ||   903
       Kick              |       |       |       |   177 |    51 ||   228
 Fire: Hunting sling     |       |    51 |    48 |   130 |     6 ||   235
Throw: Stone             |       |       |     5 |       |       ||     5
Invok: Berserk           |       |     2 |       |     2 |       ||     4
       Trog's Hand       |       |     1 |       |     5 |     1 ||     7
       Brothers in Arms  |       |       |     1 |       |       ||     1
  Use: Scroll            |     7 |     5 |     9 |    12 |       ||    33
       Potion            |       |       |       |     8 |       ||     8
 Stab: Paralysed         |     1 |       |       |       |       ||     1
       Invisible         |       |       |       |     2 |       ||     2
  Eat: Chunk             |     2 |     6 |    18 |    28 |     1 ||    55
       Ration            |       |       |     3 |     1 |       ||     4
Armor: Animal skin       |     8 |       |       |       |       ||     8
       Plate armour      |    30 |    87 |   293 |   356 |       ||   766
       Crystal plate arm |       |       |       |    45 |    84 ||   129
Dodge: Dodged            |    32 |    43 |   122 |   412 |    96 ||   705

Table legend:
 A = Non-vault XP
 B = Vault XP
 C = Vault XP percentage of total XP
 D = Non-vault monster count
 E = Vault monster count
 F = Vault count percentage of total count
                 A         B        C        D         E       F
            +---------+---------+-------+---------+---------+-------
      Total |   30646 |    7454 |  19.6 |     277 |      53 |  16.1
            +---------+---------+-------+---------+---------+-------
        D:1 |      32 |       0 |   0.0 |      22 |       0 |   0.0
        D:2 |      78 |       6 |   7.1 |      14 |       4 |  22.2
        D:3 |     156 |      41 |  20.8 |      32 |       1 |   3.0
        D:4 |     332 |     438 |  56.9 |      10 |       2 |  16.7
        D:5 |     587 |       0 |   0.0 |      18 |       0 |   0.0
        D:6 |     663 |       0 |   0.0 |      15 |       0 |   0.0
        D:7 |    2100 |      20 |   0.9 |      31 |       3 |   8.8
        D:8 |     480 |       0 |   0.0 |       7 |       0 |   0.0
        D:9 |     448 |    1191 |  72.7 |      10 |       2 |  16.7
       D:10 |      40 |       0 |   0.0 |       1 |       0 |   0.0
     Lair:1 |    5332 |     382 |   6.7 |      33 |       1 |   2.9
     Lair:2 |    3984 |     443 |  10.0 |      18 |       4 |  18.2
     Lair:3 |    3005 |     952 |  24.1 |      12 |       5 |  29.4
     Lair:4 |    4423 |       0 |   0.0 |      20 |       0 |   0.0
     Lair:5 |    8225 |       0 |   0.0 |      31 |       0 |   0.0
     Lair:6 |     243 |     680 |  73.7 |       1 |       3 |  75.0
    Ossuary |       0 |     194 | 100.0 |       0 |      21 | 100.0
   Gauntlet |     518 |    3107 |  85.7 |       2 |       7 |  77.8
            +---------+---------+-------+---------+---------+-------
